 Dungeon Crawl Stone Soup version 0.25-a0-353-ged6d547 (webtiles) character file.

Game seed: 15513481325138710157, levelgen mode: deterministic

1632 Birdy the Sneak (level 8, -1/42 HPs)
             Began as a Vine Stalker Gladiator on Jan 2, 2020.
             Slain by an orc warrior
             ... wielding a +3 war axe of chopping
              (19 damage)
             ... on level 5 of the Dungeon.
             The game lasted 00:15:51 (4290 turns).

Birdy the Sneak (Vine Stalker Gladiator)            Turns: 4290, Time: 00:15:52

Health: -1/42      AC:  7    Str: 17    XL:     8   Next: 98%
Magic:  0/9        EV: 14    Int:  8    God:
Gold:   366        SH:  0    Dex: 18    Spells: 6/7 levels left

rFire    . . .     SeeInvis .   a - +1 quarterstaff
rCold    . . .     Gourm    .   (shield currently unavailable)
rNeg     . . .     Faith    .   b - +0 leather armour
rPois    +         Spirit   +   c - +1 helmet
rElec    .         Reflect  .   (no cloak)
rCorr    .         Harm     .   (no gloves)
MR       +....                  (no boots)
Stlth    ++++......             (no amulet)
HPRegen  0.54/turn              j - ring of stealth
MPRegen  0.11/turn              (no ring)

@: very slightly contaminated
A: fangs 3, slimy green scales 1, poison resistance, regeneration 1, magic
shield, antimagic bite, no potion heal 3, rot immunity
a: no special abilities


You were on level 5 of the Dungeon.
You were not hungry.

You visited 2 branches of the dungeon, and saw 8 of its levels.

You collected 366 gold pieces.

Inventory:

Hand Weapons
 a - a +1 quarterstaff (weapon)
Missiles
 d - 3 throwing nets (quivered)
Armour
 b - a +0 leather armour (worn)
 c - a +1 helmet (worn)
Jewellery
 j - a ring of stealth (left hand)
 l - an uncursed ring of poison resistance
Wands
 p - a wand of digging (3)
Scrolls
 h - 3 scrolls of teleportation
 i - 2 scrolls of enchant armour
 n - 2 scrolls of remove curse
 q - 2 scrolls of fog
Potions
 g - a potion of flight
 k - 3 potions of cancellation
 o - 2 potions of mutation
 r - a potion of brilliance
Comestibles
 f - 12 rations
 m - 3 chunks of flesh


   Skills:
 + Level 4.3 Fighting
 + Level 4.9 Staves
 - Level 1.7 Throwing
 + Level 3.5 Armour
 + Level 4.4 Dodging
 + Level 5.5 Stealth
 + Level 4.2 Summonings


You had 6 spell levels left.
You knew the following spells:

 Your Spells              Type           Power        Failure   Level  Hunger
a - Summon Small Mammal   Summ           #...         9%          1    ##.....

Your spell library contained the following spells:

 Spells                   Type           Power        Failure   Level  Hunger
 Animate Skeleton         Necr           N/A          45%         1    ##.....
 Apportation              Tloc           #.....       45%         1    ##.....
 Confusing Touch          Hex            #.....       45%         1    ##.....


Dungeon Overview and Level Annotations

Branches:
Dungeon (7/15)             Temple (1/1) D:5

Altars:
Dithmenos
Elyvilon
Fedhas
Gozag
Kikubaaqudgha
Makhleb
Nemelex Xobeh
Okawaru
Qazlal
Ru
Sif Muna
Trog
Uskayaw
Vehumet
Wu Jian
Yredelemnul
Zin
The Shining One

Shops:
D:5 }

Annotations:
D:7 Joseph


Innate Abilities, Weirdness & Mutations

You have razor-sharp teeth.
Your natural rate of healing is unusually fast.
When hurt, damage is shared between your health and your magic reserves.
Your bite disrupts and absorbs the magic of your enemies.
Potions cannot restore your health.
You are immune to rotting.
You are partially covered in slimy green scales. (AC +2)
Your system is resistant to poisons. (rPois)


Message History

Aim: an orc warrior, wielding a +3 war axe of chopping and wearing a +0 plate armour of fire resistance (translocational energy, almost dead) Attack!
Casting: Summon Small Mammal (safe; 9% risk of failure)
Confirm with . or Enter, or press ? or * to list all spells.
You miscast Summon Small Mammal.
Nothing appears to happen.
The orc warrior hits your rat with a +3 war axe of chopping!!
Your rat dies!
Your rat's corpse disappears in a puff of smoke!
You see here a whip.
Okay, then.
Evoke which item? (* to show all) (? for menu, Esc to quit)
Okay, then.
Okay, then.
Okay, then.
Okay, then.
The orc warrior closely misses you.
You hit the orc warrior but do no damage.
The orc warrior is severely wounded.
The orc warrior hits you with a +3 war axe of chopping!!
You die...

###### #....# ########<##.#
######.........#.#
....##)######..#@# ....##.#
####o#### ....##.#
####.......#########
รท......#
#..................#
>#'#######..................#
.#.##....#...[..............#
.#.##.##.#..................#
.#.##.##.#.#....#.)..########
.#....#..#......#....#


You could see an orc warrior.

Vanquished Creatures
  Edmund (D:6)
  A sky beast (D:7)
  An ice beast (D:5)
  2 centaurs
  2 bullfrogs (D:6)
  5 scorpions
  2 howler monkeys (D:5)
  4 hounds
  5 orc wizards
  2 orc priests
  A centaur skeleton (D:7)
  4 iguanas
  A worker ant (D:7)
  Robin (D:4)
  8 adders
  A shadow imp (D:7)
  An ooze (D:3)
  2 adder zombies
  3 worms
  3 dart slugs
  5 leopard geckos
  19 orcs
  2 ball pythons
  6 giant cockroaches
  17 goblins
  12 hobgoblins
  10 jackals
  4 quokkas
  3 bats
  8 frilled lizards
  9 kobolds
  A leopard gecko skeleton (D:5)
  9 rats
155 creatures vanquished.

Notes
Turn   | Place    | Note
-------+----------+-------------------------------------------
     0 | D:1      | Birdy the Vine Stalker Gladiator began the quest for the
                  | Orb.
     0 | D:1      | Reached XP level 1. HP: 11/11 MP: 2/2
    30 | D:1      | Reached XP level 2. HP: 14/15 MP: 1/3
   378 | D:1      | Reached skill level 1 in Stealth
   602 | D:2      | Reached XP level 3. HP: 18/18 MP: 4/4
   778 | D:2      | Reached skill level 1 in Armour
   787 | D:2      | Learned a level 1 spell: Summon Small Mammal
  1172 | D:2      | Noticed a scorpion
  1178 | D:2      | Gained mutation: Your system is resistant to poisons.
                  | (rPois) [potion of mutation]
  1178 | D:2      | Gained mutation: You are partially covered in slimy green
                  | scales. (AC +2) [potion of mutation]
  1184 | D:2      | Killed a scorpion
  1184 | D:2      | Reached skill level 2 in Stealth
  1184 | D:2      | Gained mutation: Your natural rate of healing is unusually
                  | fast. [Vine Stalker growth]
  1184 | D:2      | Reached XP level 4. HP: 16/23 MP: 3/5
  1758 | D:3      | Found a sparkling altar of Nemelex Xobeh.
  1770 | D:3      | Reached skill level 1 in Summonings
  1796 | D:3      | Reached XP level 5. HP: 27/27 MP: 6/6
  2277 | D:4      | Reached XP level 6. HP: 32/32 MP: 7/7
  2310 | D:4      | Noticed Robin
  2470 | D:4      | Reached skill level 3 in Stealth
  2609 | D:4      | Found a glowing silver altar of Zin.
  2610 | D:4      | Found an opulent altar of Gozag.
  2618 | D:4      | Killed Robin
  2838 | D:5      | Entered Level 5 of the Dungeon
  2871 | D:5      | Reached XP level 7. HP: 28/36 MP: 6/8
  3021 | D:5      | Found Haafurapt's Gadget Shoppe.
  3037 | D:5      | Reached skill level 4 in Stealth
  3187 | D:5      | Found a staircase to the Ecumenical Temple.
  3200 | Temple   | Entered the Ecumenical Temple
  3376 | D:5      | Found a shadowy altar of Dithmenos.
  3677 | D:5      | Gained mutation: You have razor-sharp teeth. [Vine Stalker
                  | growth]
  3677 | D:5      | Reached XP level 8. HP: 33/42 MP: 9/9
  3951 | D:7      | Noticed Joseph
  3995 | D:6      | Noticed Edmund
  4011 | D:6      | Reached skill level 5 in Stealth
  4057 | D:6      | Killed Edmund
  4290 | D:5      | Slain by an orc warrior

Levels and vault maps discovered:
D:1:      minmay_arrival_three_doors, layout_rooms
D:2:      layout_basic, first_ration
D:3:      layout_basic, nicolae_overflow_crystal_walls
D:4:      layout_cave_pools, grunt_temple_overflow_gold_and_silver, uniq_robin
D:5:      layout_basic, kennysheep_mini_moat, minmay_temple_entry_proselytizer,
          serial_shops, nicolae_shop_stone
D:6:      layout_cave_pools, kennysheep_slug_shrine, lemuel_doored_altar,
          uniq_edmund
D:7:      lemuel_upstairs_altar, layout_loops_ring, uniq_joseph
Temple:   eino_temple_lava

Skill      XL: |  1  2  3  4  5  6  7  8 |
---------------+-------------------------+-----
Fighting       | 2 3 4 |  4.3
Stealth        | 1 2 3 4 5 |  5.5
Staves         | 3 4 |  4.9
Armour         | 1 2 3 |  3.5
Summonings     | 1 2 3 4 |  4.2
Dodging        | 3 4 |  4.4
Throwing       | |  1.7

Action                   |  1- 3 |  4- 6 |  7- 9 || total
-------------------------+-------+-------+-------++-------
Melee: Quarterstaff      |    91 |   162 |   185 ||   438
       Bite              |    20 |    49 |    54 ||   123
 Cast: Summon Small Mamm |       |       |    10 ||    10
  Use: Potion            |     5 |       |     4 ||     9
       Scroll            |     2 |     8 |     8 ||    18
 Stab: Sleeping          |     1 |     9 |     6 ||    16
       Distracted        |       |       |     1 ||     1
  Eat: Chunk             |     1 |     5 |     6 ||    12
Armor: Leather armour    |    15 |    50 |    43 ||   108
Dodge: Dodged            |    65 |    94 |   146 ||   305

Table legend:
 A = Non-vault XP
 B = Vault XP
 C = Vault XP percentage of total XP
 D = Non-vault monster count
 E = Vault monster count
 F = Vault count percentage of total count
                 A         B        C        D         E       F
            +---------+---------+-------+---------+---------+-------
      Total |    2099 |     233 |  10.0 |     141 |      14 |   9.0
            +---------+---------+-------+---------+---------+-------
        D:1 |      27 |       0 |   0.0 |      16 |       0 |   0.0
        D:2 |     126 |       0 |   0.0 |      30 |       0 |   0.0
        D:3 |     156 |       0 |   0.0 |      35 |       0 |   0.0
        D:4 |     235 |      35 |  13.0 |      13 |      11 |  45.8
        D:5 |     673 |      41 |   5.7 |      25 |       1 |   3.8
        D:6 |     458 |     157 |  25.5 |      11 |       2 |  15.4
        D:7 |     424 |       0 |   0.0 |      11 |       0 |   0.0
            +---------+---------+-------+---------+---------+-------
